 Dungeon Crawl Stone Soup version 0.21.1-1-g345015f (webtiles) character file.

203 sking99 the Chopper (level 5, -6/45 HPs)
             Began as a Hill Orc Fighter on June 21, 2018.
             Killed by divine providence
             ... invoked by an orc priest
              (17 damage)
             ... on level 4 of the Dungeon.
             The game lasted 00:07:21 (2494 turns).

sking99 the Chopper (Hill Orc Fighter)              Turns: 2494, Time: 00:07:21

Health: -6/45      AC:  9    Str: 19    XL:     5   Next: 81%
Magic:  5/5        EV:  5    Int:  8    God:
Gold:   157        SH:  9    Dex: 11    Spells: 4/4 levels left

rFire    . . .     SeeInvis .   a - +0 war axe
rCold    . . .     Gourm    .   c - +0 shield
rNeg     . . .     Faith    .   e - +0 chain mail
rPois    .         Spirit   .   (no helmet)
rElec    .         Reflect  .   (no cloak)
rCorr    .         Harm     .   (no gloves)
MR       .....                  (no boots)
Stlth    ..........             (no amulet)
HPRegen  0.15/turn              (no ring)
MPRegen  0.09/turn              (no ring)

@: no status effects
A: no striking features
a: Convert to Beogh


You were on level 4 of the Dungeon.
You were not hungry.

You visited 1 branch of the dungeon, and saw 4 of its levels.

You collected 157 gold pieces.

Inventory:

Hand Weapons
 a - a +0 war axe (weapon)
Armour
 b - a +0 scale mail
 c - a +0 shield (worn)
 e - a +0 chain mail (worn)
Scrolls
 h - a scroll of enchant weapon {unknown}
 j - a scroll of immolation {unknown}
 l - 2 scrolls of teleportation {unknown}
 m - 4 scrolls of identify {unknown}
 n - a scroll of remove curse {unknown}
 o - a scroll of fear {unknown}
 p - a scroll of amnesia {unknown}
 s - a scroll of magic mapping {unknown}
Potions
 d - a potion of might
 g - 2 potions of flight {unknown}
 i - a potion of agility {unknown}
 k - a potion of brilliance {unknown}
 q - a potion of curing {unknown}
Comestibles
 f - 6 rations


   Skills:
 - Level 3.6 Fighting
 * Level 7.7 Axes
 - Level 3.2 Armour
 - Level 3.2 Shields


You had 4 spell levels left.
You didn't know any spells.

Dungeon Overview and Level Annotations

Branches:
Dungeon (4/15)
 Temple: D:4-7

Altars:
Dithmenos
Elyvilon
Gozag
Vehumet


Message History

The orc priest completely misses you.
Your chain mail prevents you from hitting the orc priest.
The orc priest is almost dead.
You barely miss the scorpion. The scorpion barely misses you.
The orc priest hits you with a flail.
The orc priest shouts, "Beogh is our master!
Accept the truth or die!"
You hit the orc priest but do no damage.
The orc priest is almost dead.
You closely miss the scorpion.
The scorpion stings you but does no damage.
The orc priest calls down the wrath of Beogh upon you.
Beogh smites you!
* * * LOW HITPOINT WARNING * * *
The scorpion stings you but does no damage.
You closely miss the orc priest.
The orc priest is almost dead.
Your shield and chain mail prevent you from hitting the scorpion.
The orc priest invokes the aid of Beogh against you.
Beogh smites you!
You die...

.#.##
#########.....
#...........#
#...........#
#...........#
#...........#
#....)o.....#
#....)@s....#
#..........##
#..........#
#.......[..#
############


You could see a scorpion and an orc priest.

Vanquished Creatures
  2 orc wizards (D:4)
  5 adders
  2 oozes (D:3)
  2 worms
  3 dart slugs
  5 leopard geckos
  8 orcs (D:3)
  A ball python (D:3)
  4 bats (D:2)
  A giant cockroach (D:2)
  13 hobgoblins
  3 jackals (D:1)
  5 kobolds
  2 quokkas
  2 frilled lizards
  7 goblins
  6 rats
71 creatures vanquished.

Notes
Turn   | Place    | Note
-------+----------+-------------------------------------------
     0 | D:1      | sking99 the Hill Orc Fighter began the quest for the Orb.
     0 | D:1      | Reached XP level 1. HP: 19/19 MP: 1/1
    18 | D:1      | Reached skill level 3 in Axes
    67 | D:1      | Reached XP level 2. HP: 19/26 MP: 2/2
    91 | D:1      | Reached skill level 4 in Axes
   410 | D:1      | Reached XP level 3. HP: 31/31 MP: 3/3
   887 | D:2      | Reached skill level 5 in Axes
  1084 | D:2      | Reached XP level 4. HP: 33/39 MP: 4/4
  1379 | D:2      | Reached skill level 6 in Axes
  1896 | D:3      | Found an opulent altar of Gozag.
  1896 | D:3      | Found a white marble altar of Elyvilon.
  1897 | D:3      | Found a shadowy altar of Dithmenos.
  1897 | D:3      | Found a radiant altar of Vehumet.
  1943 | D:3      | Reached XP level 5. HP: 44/45 MP: 5/5
  2134 | D:3      | Reached skill level 7 in Axes
  2494 | D:4      | Killed from afar by an orc priest

Skill      XL: |  1  2  3  4  5 |
---------------+----------------+-----
Axes           | 3 4 5 6 7 |  7.7
Fighting       | |  3.6
Armour         | |  3.2
Shields        | |  3.2

Action                   |  1- 3 |  4- 6 || total
-------------------------+-------+-------++-------
Melee: War axe           |   140 |   141 ||   281
  Eat: Chunk             |     1 |     5 ||     6
Armor: Scale mail        |     7 |       ||     7
       Chain mail        |    77 |    63 ||   140
Dodge: Dodged            |    21 |    28 ||    49
Block: Shield            |    67 |    55 ||   122
